MLB
ST. LOUIS CARDINALS @ NEW YORK (N) METS
09/26/2041
 
TOP OF THE 1ST
St. Louis Cardinals batting - Pitching for New York (N) Mets : LHP Mario Cruz
Pitching: LHP Mario Cruz
Batting: RHB José Días 0-0: Ball
1-0: Called Strike
1-1: Called Strike
1-2: Foul Ball, location: 9LSF
1-2: Foul Ball, location: 7LMF
1-2: Foul Ball, location: 2F
1-2: Ball
2-2: Strikes out swinging
Batting: RHB Chris Alexander 0-0: Ball
1-0: Ball
2-0: Ground out 5-3 (Groundball, 5, EV 86.9 MPH)
Batting: RHB Ed Johnson 0-0: Ball
1-0: Called Strike
1-1: Ball
2-1: Ball
3-1: Base on Balls
Batting: SHB Pepe Robles 0-0: Called Strike
0-1: SINGLE (Line Drive, 78S, EV 91.9 MPH)
Ed Johnson to second
Batting: RHB Joe Silver 0-0: Ground out 5-3 (Groundball, 5S, EV 92.5 MPH)
Top of the 1st over - 0 runs, 1 hit, 0 errors, 2 left on base; St. Louis 0 - New York (N) 0
BOTTOM OF THE 1ST
New York (N) Mets batting - Pitching for St. Louis Cardinals : LHP Ron Stonge
Pitching: LHP Ron Stonge
Batting: SHB Dave Coffman 0-0: Ground out 6-3 (Groundball, 6, EV 80.6 MPH)
Batting: RHB Eric Fairchild 0-0: Foul Ball, location: 2F
0-1: Ground out 6-3 (Groundball, 6, EV 105.6 MPH)
Batting: LHB Danny Kerr 0-0: Called Strike
0-1: Foul Ball, location: 2F
0-2: Foul Ball, location: 5SF
0-2: DOUBLE (Groundball, 3L, EV 101.3 MPH)
Batting: RHB Ottavio Attene 0-0: Ball
1-0: Ball
2-0: Ball
3-0: Ground out 6-3 (Groundball, 6, EV 100.0 MPH)
Bottom of the 1st over - 0 runs, 1 hit, 0 errors, 1 left on base; St. Louis 0 - New York (N) 0
TOP OF THE 2ND
St. Louis Cardinals batting - Pitching for New York (N) Mets : LHP Mario Cruz
Batting: RHB Kevin Hempsall 0-0: Swinging Strike
0-1: Ball
1-1: Foul Ball, location: 5FF
1-2: Ball
2-2: Strikes out looking
Batting: LHB Les Dufour 0-0: Ball
1-0: Ball
2-0: Foul Ball, location: 2F
2-1: SOLO HOME RUN (Line Drive, 78XD, EV 104.4 MPH), Distance : 401 ft
Batting: RHB Daisuke Watanabe 0-0: Ball
1-0: Swinging Strike
1-1: Ball
2-1: Ground out 5-3 (Groundball, 5, EV 82.5 MPH)
Batting: LHB Tomás Quezada 0-0: Ground out 1-3 (Groundball, 13, EV 75.0 MPH)
Top of the 2nd over - 1 run, 1 hit, 0 errors, 0 left on base; St. Louis 1 - New York (N) 0
BOTTOM OF THE 2ND
New York (N) Mets batting - Pitching for St. Louis Cardinals : LHP Ron Stonge
Batting: RHB Mike Hudson 0-0: Called Strike
0-1: Fly out, F7 (Flyball, 7, EV 91.3 MPH)
Batting: LHB Joel Wright 0-0: Ball
1-0: Fly out, F9 (Flyball, 89S, EV 93.8 MPH)
Batting: RHB Jeff Ford 0-0: Ground out 5-3 (Groundball, 56, EV 86.9 MPH)
Bottom of the 2nd over - 0 runs, 0 hits, 0 errors, 0 left on base; St. Louis 1 - New York (N) 0
TOP OF THE 3RD
St. Louis Cardinals batting - Pitching for New York (N) Mets : LHP Mario Cruz
Batting: RHB José Días 0-0: Swinging Strike
0-1: SINGLE (Groundball, 34D, EV 96.9 MPH)
Batting: RHB Chris Alexander 0-0: Sac Bunt to 15S - play at first, batter OUT! 1-3
José Días to second
Batting: RHB Ed Johnson 0-0: Called Strike
José Días steals 3rd base (no throw)
0-1: Ball
1-1: Foul Ball, location: 2F
1-2: Ball
2-2: Ball
3-2: Foul Ball, location: 7LDF
3-2: Foul Ball, location: 25F
3-2: Ground out 5-3 (Groundball, 56, EV 81.3 MPH)
José Días scores
Batting: SHB Pepe Robles 0-0: Called Strike
0-1: Foul Ball, location: 2F
0-2: Ball
1-2: Strikes out swinging
Top of the 3rd over - 1 run, 1 hit, 0 errors, 0 left on base; St. Louis 2 - New York (N) 0
BOTTOM OF THE 3RD
New York (N) Mets batting - Pitching for St. Louis Cardinals : LHP Ron Stonge
Batting: RHB Steve Robinson 0-0: Swinging Strike
0-1: Ball
1-1: Ground out U3 (Groundball, 34S, EV 85.0 MPH)
Batting: RHB Jeremy Lowe 0-0: Ground out 1-3 (Groundball, 13S, EV 66.9 MPH)
Batting: SHB Dave Coffman 0-0: Ball
1-0: Called Strike
1-1: Ball
2-1: Ground out 6-3 (Groundball, 6, EV 84.4 MPH)
Bottom of the 3rd over - 0 runs, 0 hits, 0 errors, 0 left on base; St. Louis 2 - New York (N) 0
TOP OF THE 4TH
St. Louis Cardinals batting - Pitching for New York (N) Mets : LHP Mario Cruz
Batting: RHB Joe Silver 0-0: Ball
1-0: Ball
2-0: Called Strike
2-1: Ground out 3-1 (Groundball, 34, EV 90.0 MPH)
Batting: RHB Kevin Hempsall 0-0: Swinging Strike
0-1: Ball
1-1: Called Strike
1-2: Foul Ball, location: 9LSF
1-2: Ground out 6-3 (Groundball, 6, EV 89.4 MPH)
Batting: LHB Les Dufour 0-0: Foul Ball, location: 5F
0-1: Called Strike
0-2: Ball
1-2: Ball
2-2: Foul Ball, location: 2F
2-2: Ball
3-2: Foul Ball, location: 2F
3-2: SINGLE (Line Drive, 78M, EV 95.6 MPH)
Batting: RHB Daisuke Watanabe 0-0: Foul Ball, location: 23F
0-1: Called Strike
0-2: Ball
1-2: Strikes out swinging
Top of the 4th over - 0 runs, 1 hit, 0 errors, 1 left on base; St. Louis 2 - New York (N) 0
BOTTOM OF THE 4TH
New York (N) Mets batting - Pitching for St. Louis Cardinals : LHP Ron Stonge
Batting: RHB Eric Fairchild 0-0: Fly out, F3 (Popup, 23F, EV 82.5 MPH)
Batting: LHB Danny Kerr 0-0: Called Strike
0-1: Called Strike
0-2: Ball
1-2: Fly out, F2 (Popup, 2L, EV 91.3 MPH)
Batting: RHB Ottavio Attene 0-0: Swinging Strike
0-1: SOLO HOME RUN (Flyball, 7LD, EV 99.4 MPH), Distance : 383 ft
Batting: RHB Mike Hudson 0-0: Ball
1-0: Called Strike
1-1: Ball
2-1: Foul Ball, location: 2F
2-2: Foul Ball, location: 9LDF
2-2: Strikes out swinging
Bottom of the 4th over - 1 run, 1 hit, 0 errors, 0 left on base; St. Louis 2 - New York (N) 1
TOP OF THE 5TH
St. Louis Cardinals batting - Pitching for New York (N) Mets : LHP Mario Cruz
Batting: LHB Tomás Quezada 0-0: DOUBLE (Flyball, 7LD, EV 100.0 MPH)
Batting: RHB José Días 0-0: Called Strike
0-1: Foul Ball, location: 2F
0-2: Ball
1-2: Strikes out looking
Batting: RHB Chris Alexander 0-0: Ground out 1-3 (Groundball, 13S, EV 65.0 MPH)
Tomás Quezada to third
Batting: RHB Ed Johnson 0-0: Foul Ball, location: 5FF
0-1: Ball
1-1: Foul Ball, location: 25F
1-2: Ball
2-2: Foul Ball, location: 2F
2-2: Foul Ball, location: 3F
2-2: Ball
3-2: Base on Balls
Batting: SHB Pepe Robles 0-0: Ball
1-0: Called Strike
1-1: Fly out, F4 (Line Drive, 4D, EV 73.1 MPH)
Top of the 5th over - 0 runs, 1 hit, 0 errors, 2 left on base; St. Louis 2 - New York (N) 1
BOTTOM OF THE 5TH
New York (N) Mets batting - Pitching for St. Louis Cardinals : LHP Ron Stonge
Batting: LHB Joel Wright 0-0: SINGLE (Line Drive, 6D, EV 106.9 MPH)
Batting: RHB Jeff Ford 0-0: Bunt missed!
0-1: Ball
1-1: Ball
2-1: Bunted foul
2-2: Ball
3-2: Base on Balls
Joel Wright to second
Batting: RHB Steve Robinson 0-0: Sac Bunt to 3S - play at first, batter OUT! 3-1
Joel Wright to third
Jeff Ford to second
Batting: RHB Jeremy Lowe 0-0: Foul Ball, location: 2F
0-1: Ground out 4-3 (Groundball, 4, EV 83.8 MPH)
Batting: SHB Dave Coffman 0-0: Foul Ball, location: 5SF
0-1: Ball
1-1: Ground out 6-3 (Groundball, 6S, EV 82.5 MPH)
Bottom of the 5th over - 0 runs, 1 hit, 0 errors, 2 left on base; St. Louis 2 - New York (N) 1
TOP OF THE 6TH
St. Louis Cardinals batting - Pitching for New York (N) Mets : LHP Mario Cruz
Batting: RHB Joe Silver 0-0: Called Strike
0-1: Ball
1-1: Called Strike
1-2: Strikes out swinging
Batting: RHB Kevin Hempsall 0-0: Ball
1-0: Foul Ball, location: 23FF
1-1: Foul Ball, location: 3FF
1-2: Foul Ball, location: 2F
1-2: Ground out 6-3 (Groundball, 6, EV 98.8 MPH)
Batting: LHB Les Dufour 0-0: Ball
1-0: Ball
2-0: Ball
3-0: Base on Balls
Batting: RHB Daisuke Watanabe 0-0: Foul Ball, location: 3FF
0-1: Ball
1-1: Called Strike
1-2: Strikes out swinging
Top of the 6th over - 0 runs, 0 hits, 0 errors, 1 left on base; St. Louis 2 - New York (N) 1
BOTTOM OF THE 6TH
New York (N) Mets batting - Pitching for St. Louis Cardinals : LHP Ron Stonge
Batting: RHB Eric Fairchild 0-0: Swinging Strike
0-1: Foul Ball, location: 2F
0-2: Ball
1-2: Ball
2-2: Strikes out swinging
Batting: LHB Danny Kerr 0-0: Fly out, F8 (Flyball, 8LM, EV 100.0 MPH)
Batting: RHB Ottavio Attene 0-0: Foul Ball, location: 5F
0-1: Ball
1-1: Ball
2-1: Swinging Strike
2-2: Foul Ball, location: 2F
2-2: Fly out, F9 (Flyball, 9D, EV 105.0 MPH)
Bottom of the 6th over - 0 runs, 0 hits, 0 errors, 0 left on base; St. Louis 2 - New York (N) 1
TOP OF THE 7TH
St. Louis Cardinals batting - Pitching for New York (N) Mets : LHP Mario Cruz
Batting: LHB Tomás Quezada 0-0: Swinging Strike
0-1: SINGLE (Flyball, 7LS, EV 96.9 MPH)
Batting: RHB José Días 0-0: SINGLE (Line Drive, 9S, EV 102.5 MPH)
Tomás Quezada to second
Pitching: RHP Bob Ferguson
Batting: RHB Chris Alexander 0-0: Grounds into double play, 5-4-3 (Groundball, 56, EV 87.5 MPH)
Tomás Quezada to third
Batting: RHB Ed Johnson 0-0: Called Strike
0-1: Called Strike
0-2: Ball
1-2: Ball
2-2: 2-RUN HOME RUN (Flyball, 7D, EV 96.3 MPH), Distance : 356 ft
Batting: SHB Pepe Robles 0-0: Foul Ball, location: 3FF
0-1: Ground out U3 (Groundball, 3, EV 106.9 MPH)
Top of the 7th over - 2 runs, 3 hits, 0 errors, 0 left on base; St. Louis 4 - New York (N) 1
BOTTOM OF THE 7TH
New York (N) Mets batting - Pitching for St. Louis Cardinals : LHP Ron Stonge
Batting: RHB Mike Hudson 0-0: Foul Ball, location: 2LF
0-1: Ball
1-1: Foul Ball, location: 2F
1-2: Foul Ball, location: 3SF
1-2: Ball
2-2: Ball
3-2: Fly out, F9 (Flyball, 89M, EV 88.8 MPH)
Batting: LHB Joel Wright 0-0: Called Strike
0-1: Called Strike
0-2: Foul Ball, location: 3DF
0-2: Foul Ball, location: 2F
0-2: Ball
1-2: Foul Ball, location: 2F
1-2: Fly out, F8 (Flyball, 8LD, EV 109.4 MPH)
Batting: RHB Jeff Ford 0-0: Ground out 4-3 (Groundball, 4, EV 109.4 MPH)
Bottom of the 7th over - 0 runs, 0 hits, 0 errors, 0 left on base; St. Louis 4 - New York (N) 1
TOP OF THE 8TH
St. Louis Cardinals batting - Pitching for New York (N) Mets : RHP Bob Ferguson
Batting: RHB Joe Silver 0-0: Ball
1-0: Ball
2-0: Swinging Strike
2-1: Foul Ball, location: 5FF
2-2: Ball
3-2: Strikes out looking
Batting: RHB Kevin Hempsall 0-0: Ball
1-0: Ball
2-0: Ball
3-0: Base on Balls
Batting: LHB Les Dufour 0-0: Foul Ball, location: 3DF
0-1: Called Strike
0-2: Strikes out swinging
Batting: RHB Daisuke Watanabe 0-0: Ball
1-0: Ball
2-0: Ball
3-0: Called Strike
3-1: Swinging Strike
3-2: Strikes out swinging
Top of the 8th over - 0 runs, 0 hits, 0 errors, 1 left on base; St. Louis 4 - New York (N) 1
BOTTOM OF THE 8TH
New York (N) Mets batting - Pitching for St. Louis Cardinals : LHP Ron Stonge
Pitching: RHP José Manuel
Batting: RHB Steve Robinson 0-0: Called Strike
0-1: Ball
1-1: Called Strike
1-2: Foul Ball, location: 7LMF
1-2: Foul Ball, location: 23F
1-2: Foul Ball, location: 2F
1-2: Ball
2-2: Ball
3-2: Base on Balls
Batting: RHB Jeremy Lowe 0-0: Called Strike
0-1: Fly out, F6 (Line Drive, 6D, EV 63.8 MPH)
Batting: SHB Dave Coffman 0-0: Ball
1-0: Called Strike
1-1: Swinging Strike
1-2: Fly out, F3 (Popup, 3F, EV 81.3 MPH)
Batting: RHB Eric Fairchild 0-0: Ball
1-0: Foul Ball, location: 3SF
1-1: Ground out 6-3 (Groundball, 6M, EV 88.1 MPH)
Bottom of the 8th over - 0 runs, 0 hits, 0 errors, 1 left on base; St. Louis 4 - New York (N) 1
TOP OF THE 9TH
St. Louis Cardinals batting - Pitching for New York (N) Mets : RHP Bob Ferguson
Batting: LHB Tomás Quezada 0-0: Foul Ball, location: 7LDF
0-1: Swinging Strike
0-2: Ball
1-2: Ball
2-2: Ball
3-2: Base on Balls
Batting: RHB José Días 0-0: Ball
1-0: Called Strike
1-1: Fly out, F8 (Flyball, 78D, EV 106.9 MPH)
Batting: RHB Chris Alexander 0-0: Swinging Strike
0-1: Ball
1-1: Called Strike
1-2: Ball
2-2: Ball
3-2: Strikes out swinging
Batting: RHB Ed Johnson 0-0: Ball
1-0: Swinging Strike
1-1: 2-RUN HOME RUN (Flyball, 89XD, EV 103.1 MPH), Distance : 406 ft
Batting: SHB Pepe Robles 0-0: Ball
1-0: Ball
2-0: Ball
3-0: Base on Balls
Pitching: RHP Edén Guerra
Batting: RHB Joe Silver 0-0: Ball
1-0: Called Strike
1-1: Ball
Pepe Robles steals 2nd base (no throw)
2-1: Ground out 5-3 (Groundball, 56S, EV 88.8 MPH)
Top of the 9th over - 2 runs, 1 hit, 0 errors, 1 left on base; St. Louis 6 - New York (N) 1
BOTTOM OF THE 9TH
New York (N) Mets batting - Pitching for St. Louis Cardinals : RHP José Manuel
Batting: LHB Danny Kerr 0-0: Ball
1-0: Foul Ball, location: 2F
1-1: Called Strike
1-2: Fly out, F4 (Popup, 34D, EV 62.5 MPH)
Batting: RHB Ottavio Attene 0-0: Fly out, F3 (Popup, 3SF, EV 81.3 MPH)
Batting: RHB Mike Hudson 0-0: Called Strike
0-1: Foul Ball, location: 2RF
0-2: Ball
1-2: Ball
2-2: Foul Ball, location: 9LSF
2-2: Foul Ball, location: 7LMFF
2-2: Ball
3-2: SINGLE (Flyball, 5D, EV 92.5 MPH)
Batting: LHB Joel Wright 0-0: Called Strike
0-1: Ball
1-1: Swinging Strike
1-2: Strikes out swinging
Bottom of the 9th over - 0 runs, 1 hit, 0 errors, 1 left on base; St. Louis 6 - New York (N) 1
Sunday, March 24th , 2024 - OOTP Baseball 24.10 Build 82